 Dungeon Crawl Stone Soup version 0.29.1-2-gbd0b4ee654 (webtiles) character file.

Game seed: 902064762932851498

1088 raph the Firebug (level 8, -2/41 HPs)
             Began as a Deep Elf Fire Elementalist on Nov 25, 2022.
             Was an Initiate of Vehumet.
             Slain by an ogre
             ... wielding a +0 giant club
              (18 damage)
             ... on level 5 of the Dungeon.
             The game lasted 00:08:30 (5354 turns).

raph the Firebug (Deep Elf Fire Elementalist)       Turns: 5354, Time: 00:08:30

Health: -2/41      AC:  6    Str:  5    XL:     8   Next: 9%
Magic:  26/29      EV: 12    Int: 23    God:    Vehumet [......]
Gold:   275        SH:  0    Dex: 15    Spells: 4/20 levels left

rFire   + . .      SeeInvis +   o - +7 dagger "Geq Dudwine" {pain, MP+9 SInv}
rCold   . . .      Faith    .   (no shield)
rNeg    . . .      Spirit   .   r - +0 steam dragon scales
rPois   .          Reflect  .   (no helmet)
rElec   .          Harm     .   (no cloak)
rCorr   .          Rampage  .   l - +0 pair of gloves
Will    .....                   (no boots)
Stlth   ++........              (no amulet)
HPRegen 0.13/turn               p - ring of protection from fire
MPRegen 0.21/turn               (no ring)

@: no status effects
A: no striking features
a: Renounce Religion


You were on level 5 of the Dungeon.
You worshipped Vehumet.
Vehumet was noncommittal.
You visited 2 branches of the dungeon, and saw 9 of its levels.

You collected 275 gold pieces.

Inventory:

Hand Weapons
 f - a +2 dagger of speed
 o - the +7 dagger "Geq Dudwine" (weapon) {pain, MP+9 SInv}
   (You found it on level 2 of the Dungeon)

   In the hands of one skilled in necromantic magic, it inflicts extra damage on
   living creatures.
   MP:        It affects your magic capacity (+9).
   SInv:      It lets you see invisible.
Missiles
 y - 2 poisoned darts
Armour
 a - a +1 robe
 l - a +0 pair of gloves (worn)
 r - +0 steam dragon scales (worn)
Magical Staves
 k - a staff of death
Jewellery
 p - a ring of protection from fire (left hand)
Wands
 c - a wand of iceblast (6)
 q - a wand of acid (11)
 t - a wand of digging (5)
Scrolls
 h - 3 scrolls of blinking
 i - a scroll of torment
 j - a scroll of noise {unknown}
 u - a scroll of immolation {unknown}
 v - a scroll of teleportation
 w - a scroll of identify
 x - a scroll of amnesia
Potions
 b - a potion of magic
 d - a potion of brilliance
 e - a potion of invisibility
 g - a potion of cancellation
 m - a potion of attraction {unknown}
 n - a potion of flight {unknown}
 s - 2 potions of haste {unknown}
 z - 2 potions of berserk rage {unknown}


   Skills:
 - Level 2.4 Dodging
 - Level 2.4 Stealth
 + Level 6.8 Spellcasting
 + Level 4.8 Conjurations
 + Level 4.0 Necromancy
 + Level 7.3 Fire Magic


You had 4 spell levels left.
You knew the following spells:

 Your Spells              Type           Power      Damage    Failure   Level
a - Foxfire               Conj/Fire      100%       2x1d9     1%          1
b - Scorch                Fire           82%        2d9       1%          2
c - Mephitic Cloud        Conj/Pois/Air  15%        N/A       12%         3
d - Flame Wave            Conj/Fire      35%        2d10      6%          4
e - Vampiric Draining     Necr           26%        2d7       4%          3
f - Ignite Poison         Fire/Tmut/Pois 19%        N/A       9%          3

Your spell library contained the following spells:

 Spells                   Type           Power      Damage    Failure   Level
 Necrotise                Necr           100%       1d9       1%          1
 Conjure Flame            Conj/Fire      35%        6-21      1%          3
 Sublimation of Blood     Necr           26%        N/A       2%          2
 Inner Flame              Hex/Fire       24%        N/A       5%          3
 Beastly Appendage        Tmut           14%        N/A       8%          1
 Sandblast                Erth           14%        2d6       8%          1
 Stone Arrow              Conj/Erth      36%        3d9       9%          3
 Passwall                 Tmut/Erth      5%         N/A       12%         2
 Wereblood                Tmut           7%         N/A       12%         2
 Spider Form              Tmut/Pois      7%         N/A       24%         3
 Fulminant Prism          Conj/Hex       9%         3d7       28%         4
 Iskenderun's Mystic Bla  Conj/Tloc      18%        2d6       28%         4
 Petrify                  Tmut/Erth      7%         N/A       61%         4
 Agony                    Necr           26%        N/A       38%         5
 Irradiate                Conj/Tmut      9%         3d14      63%         5
 Freezing Cloud           Conj/Ice/Air   7%         6-21      75%         5
 Lee's Rapid Deconstruct  Erth           3%         3d6*      91%         5
 Summon Forest            Summ/Tloc      3%         N/A       91%         5
 Summon Mana Viper        Hex/Summ       7%         N/A       91%         5
 Summon Cactus Giant      Summ           3%         N/A       100%        6


Dungeon Overview and Level Annotations

Branches:
Dungeon (8/15)             Temple (1/1) D:4
   Lair: D:8-11

Altars:
Cheibriados
Elyvilon
Fedhas
Gozag
Hepliaklqana
Kikubaaqudgha
Nemelex Xobeh
Okawaru
Ru
Uskayaw
Vehumet
Xom
Yredelemnul
Zin

Shops:
D:1 (   D:3 (   D:4 [


Message History

Vehumet accepts your kill.
Casting: Scorch (safe; 1% risk of failure)
Confirm with . or Enter, or press ? or * to list all spells.
You can't see any susceptible monsters within range! (Use Z to cast anyway.)
Found an escape hatch in the ceiling.
Found a ring mail.
z - 2 pink potions
There is an escape hatch in the ceiling here.
Found a shimmering altar of Xom.
You see here a +0 ring mail.
Found a stone staircase leading up.
Found a stone staircase leading up.
There is a stone staircase leading up here.
You climb upwards.
There is a stone staircase leading down here.
You now have 275 gold pieces (gained 16).
You open the door.
An adder comes into view.
The adder hisses angrily.
There is an open door here.
Found a scroll of identify.
The adder bites you but does no damage. The adder closely misses you.
Casting: Scorch (safe; 1% risk of failure)
Confirm with . or Enter, or press ? or * to list all spells.
Flames lash the adder.
The adder is almost dead.
The adder's fire resistance burns away.
The adder closely misses you.
Casting: Scorch (safe; 1% risk of failure)
Confirm with . or Enter, or press ? or * to list all spells.
Flames lash the adder.
The adder is burned terribly!
You kill the adder!
Vehumet accepts your kill.
An ogre comes into view. It is wielding a +0 giant club.
You hit the ogre.
The ogre is lightly wounded.
The ogre hits you with a +0 giant club!!
Ouch! That really hurt!
The ogre attacks as you move away!
The ogre hits you with a +0 giant club!!
You die...

###########
..........#
..........#
.........#####
#......#...#
#....#...# #O@..#...##
#?.#...'....#
#...#....#....# ##.
#....#....#
..#......##...# ... ..
.......##...######...
.
........##............
........###........ ..
##########........


You could see an ogre.

Vanquished Creatures
  A steam dragon (D:7)
  2 water moccasins
  A sky beast (D:7)
  An ogre (D:4)
  2 scorpions
  2 jellies
  A hound (D:6)
  An orc priest (D:7)
  5 iguanas
  An orc wizard (D:7)
  8 adders
  A shadow imp (D:5)
  A white imp (D:7)
  2 ufetubi
  3 worms
  A dart slug (D:3)
  5 orcs
  10 ball pythons
  6 endoplasms
  2 giant cockroaches
  6 goblins
  10 hobgoblins
  5 quokkas
  5 bats
  4 frilled lizards
  7 kobolds
  6 rats
99 creatures vanquished.

Vanquished Creatures (others)
  230 foxfires
230 creatures vanquished.

Grand Total: 329 creatures vanquished

Notes
Turn   | Place    | Note
-------+----------+-------------------------------------------
     0 | D:1      | raph the Deep Elf Fire Elementalist began the quest for the
                  | Orb.
     0 | D:1      | Reached XP level 1. HP: 10/10 MP: 6/6
   326 | D:1      | Reached XP level 2. HP: 7/15 MP: 5/8
   486 | D:1      | Learned a level 2 spell: Scorch
   498 | D:1      | Reached skill level 4 in Fire Magic
   743 | D:1      | Found Jagamij's Weapon Boutique.
  1013 | D:1      | Reached XP level 3. HP: 19/19 MP: 6/9
  1363 | D:2      | Reached skill level 5 in Fire Magic
  1796 | D:2      | Found a faded altar of an unknown god.
  1806 | D:2      | Identified the +7 dagger "Geq Dudwine" {pain, MP+9 SInv}
  2113 | D:3      | Reached XP level 4. HP: 24/24 MP: 10/10
  2474 | D:3      | Found Immong's Antique Weapon Emporium.
  2631 | D:3      | Learned a level 3 spell: Mephitic Cloud
  3204 | D:4      | Noticed an ogre
  3210 | D:4      | Killed an ogre
  3211 | D:4      | Reached XP level 5. HP: 28/28 MP: 13/13
  3258 | D:4      | Found a staircase to the Ecumenical Temple.
  3264 | Temple   | Entered the Ecumenical Temple
  3481 | Temple   | Became a worshipper of Vehumet
  3525 | D:4      | Reached skill level 6 in Fire Magic
  3594 | D:4      | Found Rore's Antique Armour Shoppe.
  3882 | D:4      | Found a snail-covered altar of Cheibriados.
  3935 | D:4      | Reached XP level 6. HP: 32/32 MP: 15/15
  3943 | D:4      | Learned a level 4 spell: Flame Wave
  4037 | D:4      | Learned a level 3 spell: Vampiric Draining
  4293 | D:5      | Entered Level 5 of the Dungeon
  4293 | D:5      | Noticed a water moccasin
  4298 | D:5      | Killed a water moccasin
  4299 | D:5      | Reached skill level 5 in Spellcasting
  4299 | D:5      | Reached skill level 1 in Necromancy
  4533 | D:5      | Reached XP level 7. HP: 36/36 MP: 17/17
  4609 | D:5      | You fall into a shaft and drop 3 floors!
  4628 | D:7      | Found an opulent altar of Gozag.
  4754 | D:7      | Noticed a steam dragon
  4763 | D:7      | Killed a steam dragon
  4764 | D:7      | Reached skill level 7 in Fire Magic
  5026 | D:6      | Reached XP level 8. HP: 23/41 MP: 20/20
  5205 | D:6      | Learned a level 3 spell: Ignite Poison
  5246 | D:6      | Found a shimmering altar of Xom.
  5354 | D:5      | Slain by an ogre

Illustrated notes

Levels and vault maps discovered:
D:1:      spicycebolla_green_bress_n_ham_2, layout_rooms, serial_shops, shop
D:2:      layout_loops_cross, hellmonk_ecumenical_altar_slurped_away
D:3:      layout_basic, serial_shops, nicolae_shop_behind_doors,
          minmay_misc_feat_tiny
D:4:      layout_cave_pools, marbit_many_paths, minmay_temple_entry_hall,
          serial_shops, nicolae_shop_advertising_works
          [nicolae_subvault_shop_adworks], bh_walls_and_bars
D:5:      layout_basic, grunt_temple_overflow_diamond, kennysheep_generic_room_2
D:6:      layout_basic, mainiacjoe_overflow_concentric_impassable, minitemple,
          kennysheep_boxes
D:7:      layout_loops_ring, nicolae_wu_jian_immortal_techniques,
          old_standard_altar, gammafunk_ghost_necromancy, st_stairs_1,
          hellmonk_guarded_unrand_zhor
D:8:      layout_cave_pools, mainiacjoe_overflow_cross_hatched
Temple:   grunt_temple_mini_profane

Skill      XL: |  1  2  3  4  5  6  7  8 |
---------------+-------------------------+-----
Fire Magic     | 4 5 6 7 |  7.3
Spellcasting   | 4 5 6 |  6.8
Conjurations   | 2 3 4 |  4.8
Necromancy     | 2 3 4 |  4.0
Dodging        | |  2.4
Stealth        | |  2.4

Action                   |  1- 3 |  4- 6 |  7- 9 || total
-------------------------+-------+-------+-------++-------
Melee: Dagger            |     9 |     1 |     2 ||    12
       Punch             |       |       |     1 ||     1
 Cast: Foxfire           |    60 |    51 |    28 ||   139
       Scorch            |    10 |    28 |    16 ||    54
       Flame Wave        |       |       |     2 ||     2
  Use: Scroll            |       |    13 |       ||    13
       Potion            |       |     1 |       ||     1
 Stab: Sleeping          |       |     1 |       ||     1
Armor: Robe              |     6 |     1 |     2 ||     9
       Steam dragon scal |       |       |     1 ||     1
Dodge: Dodged            |    28 |     4 |     4 ||    36
